 Dungeon Crawl Stone Soup version 0.30.1-4-g462c640d31 (webtiles) character file.

Game seed: 1425726580325252420

392 Peloso the Covered (level 6, -3/56 HPs)
             Began as a Minotaur Fighter on Aug 13, 2023.
             Slain by Menkaure (20 damage)
             ... on level 4 of the Dungeon.
             The game lasted 00:03:34 (2645 turns).

Peloso the Covered (Minotaur Fighter)               Turns: 2645, Time: 00:03:34

Health: -3/56      AC:  7    Str: 20    XL:     6   Next: 51%
Magic:  5/5        EV: 10    Int:  5    God:
Gold:   211        SH:  5    Dex: 12    Spells: 5/5 levels left

rFire   . . .        a - +0 long sword
rCold   . . .        c - +0 buckler
rNeg    . . .        b - +0 scale mail
rPois   .            (helmet restricted)
rElec   .            (no cloak)
rCorr   .            (no gloves)
SInv    .            (no boots)
Will    .....        (no amulet) Stlth
                     (no ring)
HPRegen 0.29/turn    (no ring)
MPRegen 0.09/turn

%: no passive effects
@: no status effects
A: horns 2, retaliatory headbutt
a: no special abilities


You were on level 4 of the Dungeon.
You visited 1 branch of the dungeon, and saw 4 of its levels.

You collected 211 gold pieces.

Inventory:

Hand Weapons
 a - a +0 long sword (weapon)
Armour
 b - a +0 scale mail (worn)
 c - a +0 buckler (worn)
Jewellery
 k - a ring of resist corrosion
 s - a +6 ring of dexterity
Scrolls
 g - a scroll of immolation
 i - a scroll of amnesia {unknown}
 m - a scroll of brand weapon {unknown}
 n - a scroll of fear
 q - 2 scrolls of silence {unknown}
 r - a scroll of torment {unknown}
Potions
 d - 3 potions of might
 e - 4 potions of heal wounds
 f - a potion of lignification
 h - a potion of haste {unknown}
 j - a potion of brilliance
 l - 2 potions of attraction
 o - a potion of invisibility
 p - 2 potions of cancellation {unknown}


   Skills:
 + Level 5.0 Fighting
 + Level 5.5 Long Blades
 + Level 5.6 Armour
 + Level 1.5 Dodging
 + Level 0.4 Stealth
 + Level 4.0 Shields


You had 5 spell levels left.
You didn't know any spells.
Your spell library contained the following spells:

 Spells                   Type           Power      Damage    Failure   Level
 Ozocubu's Armour         Ice            0%         N/A       99%         3
 Ozocubu's Refrigeration  Ice            0%         4d7       100%        7


Dungeon Overview and Level Annotations

Branches:
Dungeon (4/15)
 Temple: D:4-7

Altars:
Fedhas
The Shining One

Annotations:
D:2 1 runed translucent door, Crazy Yiuf
D:4 Menkaure


Innate Abilities, Weirdness & Mutations

You have a pair of horns on your head.
You reflexively headbutt those who attack you in melee.


Message History

You kill the goblin!
Things that are here:
a +0 dagger; a goblin corpse The worm closely misses you.
You slash the worm! You headbutt the worm!
The worm is severely wounded.
You hit the worm.
You kill the worm!
As you open the door, it creaks loudly!
There is an open door here.
A goblin comes into view. It is wielding a +0 dagger.
A goblin is nearby!
A goblin is nearby!
A goblin is nearby!
Menkaure, Prince of Dust comes into view.
Menkaure shouts!
The goblin hits you but does no damage.
You hit the goblin.
The goblin is moderately wounded.
You block the goblin's attack. The goblin hits you but does no damage.
You miss the goblin. Your headbutt misses the goblin.
The goblin is moderately wounded.
The goblin hits you but does no damage.
You hit the goblin. You headbutt the goblin.
You kill the goblin!
You hit Menkaure but do no damage.
You headbutt Menkaure, but do no damage.
Menkaure hits you!!
You hit Menkaure but do no damage.
Menkaure calls on the powers of darkness!
Your body is wracked with pain!
You hit Menkaure.
Menkaure is lightly damaged.
Menkaure casts a spell at you. Pain shoots through your body!
* * * LOW HITPOINT WARNING * * *
You hit Menkaure.
Menkaure is moderately damaged.
Menkaure hits you!!
You die...

#........#####
#.##.###.# # ### #.##.#
#.# # ..# #.##.# #.# ##
#.# #.#..# #.# ##. #.#
#.#.####.###.. . #.#
#........##...
....###.#####.)P.P.#....
......M@........_..'....
..#####)#####..P.P......
...# #........... #.####
#.########.. # #.# ###.
##.# ###... #..# ##..#.#
#.## #...... #.#
###..#.#.


You could see Menkaure.

Vanquished Creatures
  Grinder (D:3)
  3 iguanas (D:4)
  3 gnolls
  3 adders
  2 worms
  A dart slug (D:3)
  3 bats
  2 endoplasms
  2 giant cockroaches
  5 goblins
  2 hobgoblins (D:2)
  3 jackals (D:1)
  3 kobolds
  3 quokkas
  5 ball pythons
  4 frilled lizards
  3 rats
48 creatures vanquished.

Notes
Turn   | Place    | Note
-------+----------+-------------------------------------------
     0 | D:1      | Peloso the Minotaur Fighter began the quest for the Orb.
     0 | D:1      | Reached XP level 1. HP: 19/19 MP: 0/0
   405 | D:1      | Found a faded altar of an unknown god.
   596 | D:1      | Reached XP level 2. HP: 23/27 MP: 1/1
  1006 | D:2      | Found a runed translucent door.
  1007 | D:2      | Noticed Crazy Yiuf
  1033 | D:2      | Reached XP level 3. HP: 34/34 MP: 2/2
  1714 | D:3      | Reached XP level 4. HP: 32/41 MP: 3/3
  1817 | D:3      | Found a glowing golden altar of the Shining One.
  1879 | D:3      | HP: 1/41 [gnoll/+0 club (4)]
  2154 | D:3      | Noticed Grinder
  2155 | D:3      | Paralysed by Grinder for 4 turns
  2169 | D:3      | Killed Grinder
  2170 | D:3      | Reached skill level 5 in Fighting
  2170 | D:3      | Reached skill level 5 in Long Blades
  2170 | D:3      | Reached skill level 5 in Armour
  2170 | D:3      | Reached skill level 1 in Dodging
  2170 | D:3      | Reached XP level 5. HP: 20/48 MP: 4/4
  2170 | D:3      | Reached XP level 6. HP: 23/56 MP: 5/5
  2576 | D:4      | Found a blossoming altar of Fedhas.
  2637 | D:4      | Noticed Menkaure
  2645 | D:4      | Slain by Menkaure

Illustrated notes

Levels and vault maps discovered:
D:1:      wander_arrival_estate, layout_basic,
          hellmonk_ecumenical_altar_crossroads
D:2:      layout_basic, uniq_crazy_yiuf_cottage
D:3:      layout_basic, tso_altar, serial_aquarium, aquarium_bridge_straight
          [aquarium_subvault_bridge, aquarium_subvault_window,
          aquarium_subvault_bridge, aquarium_subvault_window],
          aquarium_bridge_straight [aquarium_subvault_bridge,
          aquarium_subvault_wall, aquarium_subvault_bridge,
          aquarium_subvault_wall], aquarium_window_corridor_3,
          aquarium_window_1, aquarium_window_2, aquarium_view_4,
          aquarium_view_2e, fountainhead, kennysheep_generic_room_7,
          uniq_grinder
D:4:      layout_loops_corners, fedhas_altar_1, dk_yredelemnul_ordeal,
          kiku_gazebo_pond_becter, minmay_overflow_temple_star_quad, hex_large,
          uniq_menkaure

Skill      XL: |  1  2  3  4 |
---------------+-------------+-----
Fighting       | 4 5 |  5.0
Armour         | 4 5 |  5.6
Long Blades    | 4 5 |  5.5
Dodging        | 1 |  1.5
Shields        | 4 |  4.0
Stealth        | |  0.4

Action                     |  1- 3 |  4- 6 || total
---------------------------+-------+-------++-------
  Melee: Long sword        |    74 |    54 ||   128
         Headbutt          |     7 |    13 ||    20
    Use: Scroll            |     4 |     3 ||     7
         Potion            |     3 |     5 ||     8
 Armour: Scale mail        |    43 |    17 ||    60
  Dodge: Dodged            |    44 |    25 ||    69
  Block: Buckler           |    22 |    13 ||    35
